 Dungeon Crawl Stone Soup version 0.29.1-1-gd02db6906a (webtiles) character file.

Game seed: 10685638019116761394

407 MisterFreud the Blocker (level 6, -3/47 HPs)
             Began as a Gnoll Wanderer on Sept 18, 2022.
             Slain by an orc
             ... wielding a +0 flail
              (6 damage)
             ... on level 4 of the Dungeon.
             The game lasted 00:04:36 (4564 turns).

MisterFreud the Blocker (Gnoll Wanderer)            Turns: 4564, Time: 00:04:36

Health: -3/47      AC:  5    Str: 14    XL:     6   Next: 88%
Magic:  9/9        EV:  8    Int: 11    God:
Gold:   138        SH:  8    Dex: 11    Spells: 9/9 levels left

rFire   . . .      SeeInvis .   o - +1 dagger (venom)
rCold   . . .      Faith    .   b - +2 buckler
rNeg    . . .      Spirit   .   e - +0 leather armour
rPois   +          Reflect  .   (no helmet)
rElec   .          Harm     .   H - +0 cloak
rCorr   .          Rampage  .   (no gloves)
Will    .....                   c - +0 pair of boots
Stlth   ++........              (no amulet)
HPRegen 0.15/turn               m - ring of poison resistance
MPRegen 0.11/turn               (no ring)

@: constricted
A: fangs 1, strong nose, distributed training
a: no special abilities


You were on level 4 of the Dungeon.
You visited 1 branch of the dungeon, and saw 4 of its levels.
You also visited: Sewer.

You collected 138 gold pieces.

Inventory:

Hand Weapons
 a - a +0 mace of electrocution
 o - a +1 dagger of venom (weapon)
 G - a +4 quarterstaff of chaos
Missiles
 n - 7 poisoned darts (quivered)
Armour
 b - a +2 buckler (worn)
 c - a +0 pair of boots (worn)
 e - a +0 leather armour (worn)
 l - a +2 cloak of stealth
 H - a +0 cloak (worn)
Jewellery
 m - a ring of poison resistance (left hand)
 t - an amulet of regeneration
 J - a ring of flight
Scrolls
 d - a scroll of summoning
 f - a scroll of torment {unknown}
 h - a scroll of enchant weapon {unknown}
 i - a scroll of amnesia
 j - a scroll of teleportation {unknown}
 k - a scroll of noise
 q - a scroll of blinking {unknown}
 r - a scroll of brand weapon
 s - a scroll of magic mapping {unknown}
 u - a scroll of fear {unknown}
 y - a scroll of enchant armour {unknown}
 A - a scroll of immolation {unknown}
 B - 2 scrolls of identify {unknown}
 D - a scroll of poison {unknown}
 F - a scroll of vulnerability {unknown}
 I - a scroll of fog {unknown}
Potions
 g - 3 potions of invisibility {unknown}
 p - a potion of berserk rage {unknown}
 v - a potion of haste {unknown}
 w - a potion of brilliance {unknown}
 x - a potion of flight {unknown}
 z - a potion of heal wounds {unknown}
 C - a potion of resistance {unknown}
 E - a potion of curing {unknown}


   Skills:
 + Level 3.4 Fighting
 + Level 2.2 Short Blades
 + Level 2.2 Long Blades
 + Level 2.2 Axes
 + Level 3.4 Maces & Flails
 + Level 2.2 Polearms
 + Level 2.2 Staves
 + Level 2.2 Ranged Weapons
 + Level 2.2 Throwing
 + Level 3.4 Armour
 + Level 2.2 Dodging
 + Level 4.7 Stealth
 + Level 10.7 Shields
 + Level 2.2 Unarmed Combat
 + Level 2.2 Spellcasting
 + Level 1.8 Conjurations
 + Level 1.8 Hexes
 + Level 1.8 Summonings
 + Level 1.8 Necromancy
 + Level 1.8 Translocations
 + Level 1.8 Transmutations
 + Level 1.8 Fire Magic
 + Level 1.8 Ice Magic
 + Level 1.8 Air Magic
 + Level 1.8 Earth Magic
 + Level 1.8 Poison Magic
 + Level 2.5 Invocations
 + Level 2.2 Evocations


You had 9 spell levels left.
You didn't know any spells.
Your spell library contained the following spells:

 Spells                   Type           Power      Damage    Failure   Level
 Shock                    Conj/Air       20%        1d4       21%         1
 Summon Small Mammal      Summ           20%        N/A       21%         1
 Ensorcelled Hibernation  Hex/Ice        10%        N/A       30%         2
 Passwall                 Tmut/Erth      4%         N/A       30%         2
 Call Canine Familiar     Summ           5%         N/A       52%         3
 Summon Guardian Golem    Hex/Summ       5%         N/A       52%         3
 Swiftness                Air            5%         N/A       52%         3
 Airstrike                Air            2%         2d(1-17)  90%         4


Dungeon Overview and Level Annotations

Branches:
Dungeon (4/15)              Sewer (visited)
 Temple: D:4-7

Altars:
Kikubaaqudgha
Vehumet
Xom

Shops:
D:4 (

Annotations:
D:4 2 transporters, 1 runed translucent door


Innate Abilities, Weirdness & Mutations

You have very sharp teeth.
Your uncanny sense of smell can sniff out nearby items.
Your experience applies equally to all skills.


Message History

The ball python closely misses you. The ball python constricts you.
You barely miss the ball python.
You bite the ball python, but do no damage.
The ball python is severely wounded.
The orc hits you but does no damage.
The ball python bites you but does no damage.
The ball python constricts you.
The orc priest begins to cast a cantrip, but forgets the words!
You hit the orc priest but do no damage.
The orc priest is poisoned.
The ball python barely misses you. The ball python constricts you.
The orc closely misses you. The orc priest hits you with a +0 mace.
Unknown command.
You hit the orc priest but do no damage.
The orc priest looks as sick as possible!
You block the ball python's attack. The ball python constricts you.
The orc hits you with a +0 flail! The orc priest hits you with a +0 mace.
You hit the orc priest but do no damage.
The orc priest looks as sick as possible!
The orc priest is heavily wounded.
The ball python bites you but does no damage.
The ball python constricts you. The orc hits you with a +0 flail.
* * * LOW HITPOINT WARNING * * *
The orc priest hits you with a +0 mace.
* * * LOW HITPOINT WARNING * * *
The ball python bites you but does no damage.
The ball python constricts you.
* * * LOW HITPOINT WARNING * * *
You hit the orc priest.
You kill the orc priest!
The orc hits you with a +0 flail.
* * * LOW HITPOINT WARNING * * *
The ball python barely misses you. The ball python constricts you.
Unknown command.
Unknown command.
Unknown command.
You closely miss the ball python.
The ball python bites you but does no damage.
The ball python constricts you. The orc hits you with a +0 flail.
You die...

###.................#
###...#.....#.#..####
....#.......#>..## +
#######.....##..# #S
# #...∩.....## .#
#######.......#..# .#
...............#.# .#
#######.....##.#o#.#
∆ ##.##.##.S@).#
#.##.###.....# #....#
###.#..# ##..##
....... ##..# ..#....
#########...###....#
o..
..................##
...
..######.##........
.## #.# .......


You could see an adder (asleep), an orc and a ball python.

Vanquished Creatures
  An ice beast (D:3)
  A black bear (D:4)
  Crazy Yiuf (D:3)
  An orc priest (D:4)
  A hell rat (Sewer)
  5 adders
  3 river rats (Sewer)
  A worm (D:3)
  A dart slug (D:4)
  8 orcs (D:3)
  5 ball pythons
  3 bats
  4 endoplasms
  4 giant cockroaches
  9 goblins
  A hobgoblin (D:2)
  2 jackals (D:2)
  A kobold (D:2)
  5 quokkas
  2 frilled lizards
  6 rats
65 creatures vanquished.

Notes
Turn   | Place    | Note
-------+----------+-------------------------------------------
     0 | D:1      | Reached skill level 10 in Shields
     0 | D:1      | MisterFreud the Gnoll Wanderer began the quest for the Orb.
     0 | D:1      | MisterFreud set off with the following items: a +0 mace, a
                  | +2 buckler, a +0 pair of boots, a scroll of summoning, a +0
                  | leather armour.
     0 | D:1      | Reached XP level 1. HP: 17/17 MP: 1/1
   404 | D:1      | Reached XP level 2. HP: 15/23 MP: 2/2
  1479 | D:2      | Reached XP level 3. HP: 28/28 MP: 3/3
  1492 | D:2      | Found a faded altar of an unknown god.
  1495 | D:2      | Noticed a floating eye
  1495 | D:2      | Noticed a golden eye
  1496 | D:2      | Noticed an eye of devastation
  1496 | D:2      | Noticed a great orb of eyes
  1598 | D:2      | Reached skill level 1 in Invocations
  1619 | D:2      | Found a radiant altar of Vehumet.
  1700 | D:2      | Reached skill level 1 in Short Blades
  1700 | D:2      | Reached skill level 1 in Long Blades
  1700 | D:2      | Reached skill level 1 in Axes
  1700 | D:2      | Reached skill level 1 in Polearms
  1700 | D:2      | Reached skill level 1 in Staves
  1700 | D:2      | Reached skill level 1 in Ranged Weapons
  1700 | D:2      | Reached skill level 1 in Throwing
  1700 | D:2      | Reached skill level 1 in Dodging
  1700 | D:2      | Reached skill level 1 in Unarmed Combat
  1700 | D:2      | Reached skill level 1 in Spellcasting
  1700 | D:2      | Reached skill level 1 in Evocations
  1860 | D:2      | Reached XP level 4. HP: 33/34 MP: 5/5
  2189 | D:3      | Found a glowing drain.
  2220 | Sewer    | Entered a sewer
  2230 | Sewer    | Reached skill level 1 in Conjurations
  2230 | Sewer    | Reached skill level 1 in Hexes
  2230 | Sewer    | Reached skill level 1 in Summonings
  2230 | Sewer    | Reached skill level 1 in Necromancy
  2230 | Sewer    | Reached skill level 1 in Translocations
  2230 | Sewer    | Reached skill level 1 in Transmutations
  2230 | Sewer    | Reached skill level 1 in Fire Magic
  2230 | Sewer    | Reached skill level 1 in Ice Magic
  2230 | Sewer    | Reached skill level 1 in Air Magic
  2230 | Sewer    | Reached skill level 1 in Earth Magic
  2230 | Sewer    | Reached skill level 1 in Poison Magic
  2376 | Sewer    | Reached XP level 5. HP: 35/40 MP: 5/7
  2707 | D:3      | Noticed an ice beast
  2732 | D:3      | Killed an ice beast
  2733 | D:3      | Reached XP level 6. HP: 5/47 MP: 8/8
  3045 | D:3      | Found an ancient bone altar of Kikubaaqudgha.
  3568 | D:3      | Found a runed translucent door.
  3569 | D:3      | Noticed Crazy Yiuf
  3647 | D:3      | Killed Crazy Yiuf
  3968 | D:4      | Found a transporter.
  3984 | D:4      | Found Sube's Weapon Boutique.
  4049 | D:4      | Found a transporter.
  4081 | D:4      | Found a shimmering altar of Xom.
  4101 | D:4      | Noticed a black bear
  4112 | D:4      | Killed a black bear
  4148 | D:4      | Found a runed translucent door.
  4149 | D:4      | HP: 1/47 [orc priest/divine providence (9)]
  4564 | D:4      | Slain by an orc

Illustrated notes

Levels and vault maps discovered:
D:1:      dpeg_arrival_circle_labyrinth_c, layout_basic, minmay_pentomino_q2
D:2:      layout_loops_ring, basic_altar,
          hellmonk_ecumenical_altar_watching_god, kennysheep_generic_room_12
D:3:      layout_loops_corners, lemuel_tele_altar, gup_sewer_entry_glass,
          minmay_misc_feat_secret_circle, minmay_misc_feat_square,
          uniq_crazy_yiuf_cottage
D:4:      gammafunk_wand_slinger, layout_rooms, nicolae_overflow_crystal_walls,
          serial_shops, shop, ebering_ghost_sewer_d, dk_rats_in_the_wall

Skill      XL: |  1  2  3  4  5  6 |
---------------+-------------------+-----
Shields        | | 10.7
Invocations    | 1 2 |  2.5
Short Blades   | 1 2 |  2.2
Long Blades    | 1 2 |  2.2
Axes           | 1 2 |  2.2
Polearms       | 1 2 |  2.2
Staves         | 1 2 |  2.2
Ranged Weapons | 1 2 |  2.2
Throwing       | 1 2 |  2.2
Dodging        | 1 2 |  2.2
Unarmed Combat | 1 2 |  2.2
Spellcasting   | 1 2 |  2.2
Evocations     | 1 2 |  2.2
Conjurations   | 1 |  1.8
Hexes          | 1 |  1.8
Summonings     | 1 |  1.8
Necromancy     | 1 |  1.8
Translocations | 1 |  1.8
Transmutations | 1 |  1.8
Fire Magic     | 1 |  1.8
Ice Magic      | 1 |  1.8
Air Magic      | 1 |  1.8
Earth Magic    | 1 |  1.8
Poison Magic   | 1 |  1.8
Fighting       | 3 |  3.4
Maces & Flails | 3 |  3.4
Armour         | 3 |  3.4
Stealth        | |  4.7

Action                   |  1- 3 |  4- 6 || total
-------------------------+-------+-------++-------
Melee: Mace              |    42 |       ||    42
       Bite              |     5 |    22 ||    27
       Dagger            |    46 |   158 ||   204
  Use: Scroll            |       |     3 ||     3
 Stab: Sleeping          |     4 |     4 ||     8
       Distracted        |       |     1 ||     1
Armor: Leather armour    |    26 |    48 ||    74
Dodge: Dodged            |    32 |    46 ||    78
Block: Buckler           |    26 |    54 ||    80
